AoeStats
← vagabond94

Fortress

510616192Analyzed
1v1 RM · 22h ago on Oct 1, 2026· 27m 34s· 2 players
Game mode
Random Map
Map size
Small (3 player)
Population
200
Speed
Normal
Resources
Standard
Victory
Conquest
Starting age
Dark Age
Ending age
Imperial Age
RankedLock teamsTeams togetherTeam positionsShared explorationLock speedFull tech treeHidden civsTurbo modeCheats
Victory
Defeat
🇹🇷 Franks · Türkiye
1210
+16
🇩🇪 Saxons · Germany
1201
-16
vagabond94
8:31 Feudal Age
12:00 Castle Age
11:22 Scale Mail Armor
11:32 Forging
11:09 Horse Collar
11:15 Double-Bit Axe
11:40 Arson
12:52 Squires
13:40 Gambesons
16:56 Bow Saw
18:56 Gold Mining
22:23 Chain Mail Armor
22:07 Loom
22:10 Town Watch
24:05 Iron Casting
Savage
8:06 Feudal Age
9:01 Double-Bit Axe
10:55 Loom
13:33 Castle Age
12:05 Forging
12:08 Scale Mail Armor
13:12 Gold Mining
13:16 Stone Mining
14:21 Squires
14:58 Iron Casting
17:50 Wheelbarrow
19:38 Gold Shaft Mining
21:42 Bow Saw
22:02 Fervor
23:27 Hand Cart
26:22 Imperial Age
26:45 Chain Mail Armor
27:54 Conscription
Connection lost

Rejoining the realm…

Still unreachable

The connection could not be restored.

Session expired

The server has moved on; the page needs a fresh start.